 Dungeon Crawl Stone Soup version 0.29-a0-352-g0917bc69df (webtiles) character file.

Game seed: 10514692566987412226

160717 Zirex the Unseen (level 17, -4/90 HPs)
             Began as a Spriggan Enchanter on Apr 22, 2022.
             Was the Champion of Dithmenos.
             Slain by a spark wasp (15 damage)
             ... on level 2 of the Spider Nest on Apr 23, 2022.
             The game lasted 01:53:33 (31516 turns).

Zirex the Unseen (Spriggan Enchanter)              Turns: 31516, Time: 01:53:33

Health: -4/90      AC: 15    Str: 10    XL:     17   Next: 18%
Magic:  33/38      EV: 30    Int: 18    God:    Dithmenos [******]
Gold:   1807       SH:  0    Dex: 14    Spells: 26/49 levels left

rFire   + . .      SeeInvis +   L - +8 dagger (protect)
rCold   + + .      Faith    .   (no shield)
rNeg    . . .      Spirit   .   x - +3 steam dragon scales
rPois   .          Reflect  .   (helmet restricted)
rElec   .          Harm     .   c - scarf {rC+ rF+}
rCorr   +          Rampage  .   (gloves unavailable)
Will    ++...                   (boots unavailable) Stlth ****++++++
                                w - amulet of regeneration
HPRegen 1.05/turn               b - +4 ring of evasion
MPRegen 0.26/turn               N - ring "Qucralol" {Ice Drain rCorr Dex-2 Slay+5}

@: under a protective aura, wreathed by umbra, very quick
A: very small, no large weapons, unfitting armour, see invisible, speed 3, fire
resistance 1
a: Renounce Religion, Shadow Step, Shadow Form


You were on level 2 of the Spider Nest.
You worshipped Dithmenos.
Dithmenos was exalted by your worship.
You visited 6 branches of the dungeon, and saw 27 of its levels.
You also visited: Gauntlet.

You collected 2879 gold pieces.
You spent 1072 gold pieces at shops.

Inventory:

Hand Weapons
 n - a +1 dagger of venom
 G - a +1 dagger of electrocution
 L - a +8 dagger of protection (weapon)
Missiles
 k - 8 atropa-tipped darts
 m - 79 poisoned darts (quivered)
 C - 4 curare-tipped darts
Armour
 c - a scarf of resistance (worn)
 j - a +0 cloak
 x - +3 steam dragon scales (worn)
Jewellery
 a - a +6 ring of intelligence
 b - a +4 ring of evasion (left hand)
 d - a ring of wizardry
 e - a ring of resist corrosion
 l - a ring of flight
 o - a ring of ice
 u - a ring of ice
 w - an amulet of regeneration (around neck)
 M - a ring of protection from fire
 N - the ring "Qucralol" (right hand) {Ice Drain rCorr Dex-2 Slay+5}
   (You found it in a Gauntlet)

   [ring of ice]

   It enhances your ice magic.
   Dex:       It affects your dexterity (-2).
   Slay:      It affects your accuracy & damage with ranged weapons and melee
   (+5).
   rF:        It makes you vulnerable to fire.
   rC:        It protects you from cold.
   rCorr:     It protects you from acid and corrosion.
   Drain:     It drains your maximum health when unequipped.
 U - a ring of protection from fire
Wands
 g - a wand of mindburst (3)
 i - a wand of charming (18)
 p - a wand of flame (20)
 D - a wand of polymorph (3)
 J - a wand of paralysis (11)
 P - a wand of iceblast (4)
 T - a wand of acid (10)
 V - a wand of digging (6)
Scrolls
 q - 7 scrolls of fog
 s - 9 scrolls of magic mapping
 y - 6 scrolls of fear
 H - a scroll of blinking
 I - 11 scrolls of teleportation
 K - 11 scrolls of identify
 Q - a scroll of summoning
 S - a scroll of amnesia
 Y - 2 scrolls of brand weapon
Potions
 f - 4 potions of curing
 h - 2 potions of berserk rage
 r - 3 potions of flight
 t - 5 potions of resistance
 v - 5 potions of might
 z - 3 potions of lignification
 A - 5 potions of mutation
 B - 5 potions of brilliance
 E - a potion of cancellation
 F - a potion of magic
 W - 2 potions of haste
 Z - a potion of invisibility
Miscellaneous
 O - a phantom mirror
 R - a box of beasts


   Skills:
 + Level 10.5 Fighting
 - Level 13.0 Short Blades
 + Level 16.0 Dodging
 + Level 20.7 Stealth
 + Level 16.8 Spellcasting
 * Level 17.6 Hexes


You had 26 spell levels left.
You knew the following spells:

 Your Spells              Type           Power      Damage    Failure   Level
a - Ensorcelled Hibernat  Hex/Ice        100%       N/A       1%          2
b - Tukima's Dance        Hex            68%        N/A       0%          3
c - Dazzling Flash        Conj/Hex       94%        N/A       1%          3
d - Confusing Touch       Hex            68%        N/A       0%          3
e - Summon Mana Viper     Hex/Summ       47%        N/A       3%          5
f - Enfeeble              Hex            34%        N/A       2%          7

Your spell library contained the following spells:

 Spells                   Type           Power      Damage    Failure   Level
 Portal Projectile        Hex/Tloc       94%        N/A       1%          3
 Anguish                  Hex/Necr       23%        N/A       1%          4
 Leda's Liquefaction      Hex/Erth       23%        N/A       1%          4
 Metabolic Englaciation   Hex/Ice        31%        N/A       3%          5
 Magic Dart               Conj           60%        1d6       4%          1
 Call Imp                 Summ           15%        N/A       6%          2
 Static Discharge         Conj/Air       15%        N/A       6%          2
 Sublimation of Blood     Necr           15%        N/A       6%          2
 Mephitic Cloud           Conj/Pois/Air  15%        N/A       12%         3
 Ozocubu's Armour         Ice            22%        N/A       12%         3
 Iskenderun's Mystic Bla  Conj/Tloc      15%        2d5       36%         4
 Petrify                  Tmut/Erth      15%        N/A       36%         4
 Irradiate                Conj/Tmut      7%         3d15      73%         5
 Lee's Rapid Deconstruct  Erth           7%         3d8*      73%         5
 Lightning Bolt           Conj/Air       7%         1d20      73%         5
 Summon Forest            Summ/Tloc      7%         N/A       73%         5
 Simulacrum               Ice/Necr       11%        N/A       99%         6
 Statue Form              Tmut/Erth      10%        N/A       99%         6
 Summon Cactus Giant      Summ           7%         N/A       99%         6
 Maxwell's Capacitive Co  Air            7%         ∞         100%        8


Dungeon Overview and Level Annotations

Branches:
Dungeon (15/15)            Temple (1/1) D:4            Lair (6/6) D:8
  Swamp (0/4) Lair:3       Spider (2/4) Lair:3        Slime (0/5) Lair:6
    Orc (2/2) D:9             Elf (0/3) Orc:2        Vaults (0/5) D:13
 Depths (1/4) D:15        Gauntlet (visited)

Altars:
Ashenzari
Cheibriados
Dithmenos
Elyvilon
Fedhas
Gozag
Hepliaklqana
Kikubaaqudgha
Makhleb
Nemelex Xobeh
Okawaru
Qazlal
Ru
Sif Muna
Trog
Uskayaw
Vehumet
Wu Jian
Xom
Yredelemnul
Zin
The Shining One
Beogh
Jiyva
Lugonu

Shops:
Orc:2 !(?=[

Portals:
Abyss: Lair:6
Ziggurat: Depths:1
Trove: D:13 (give +3 ice dragon scales)

Annotations:
D:13 exclusion: 2 doors
Lair:1 exclusion: oklob plant
Lair:2 3 runed translucent doors, leebro123's ghost, journeyman MiHu


Innate Abilities, Weirdness & Mutations

You are very small and have problems with some larger weapons.
You are too small for most types of armour.
You have supernaturally acute eyesight. (SInv)
You cover ground extremely quickly. (Speed+++)
Your flesh is heat resistant. (rF+)


Message History

Unknown command.
Unknown command.
The tarantella completely misses you.
You see here a demonic crawler corpse.
Aiming: Corrosive Bolt
Press: ? - help, Shift-Dir - straight line, f/p - spark wasp
Aim: a spark wasp (black smoke, almost dead, umbra, 57% to hit)
The bolt of acid hits the spark wasp.
The acid corrodes the spark wasp!
The spark wasp is almost dead.
The spark wasp barely misses you. The spark wasp completely misses you.
Unknown command.
Aiming: Corrosive Bolt
Press: ? - help, Shift-Dir - straight line, f - tarantella, p - spark wasp
Aim: a tarantella (black smoke, umbra, 57% to hit)
The bolt of acid misses the spark wasp.
The bolt of acid hits the tarantella!
The acid corrodes the tarantella!
The tarantella is heavily wounded.
The spark wasp closely misses you.
Hit: L) +8 dagger (protect)
Press: ? - help, Dir - move target, f - spark wasp, p - tarantella
Aim: a spark wasp (black smoke, almost dead, covered in acid, umbra, about 29% to evade your +8 dagger of protection)
You puncture the spark wasp!
The spark wasp is almost dead.
The spark wasp stings you. The spark wasp shocks you!
* * * LOW HITPOINT WARNING * * *
Unknown command.
Okay, then.
Unknown command.
Casting: Ensorcelled Hibernation (safe; 1% risk of failure)
Confirm with . or Enter, or press ? or * to list all spells.
Aiming: Ensorcelled Hibernation (safe; 1% risk of failure)
Press: ? - help, Shift-Dir - straight line, f - you, p - spark wasp
Okay, then.
Unknown command.
You feel better.
The demonic crawler wildly waves its antennae.
The spark wasp stings you!
* * * LOW HITPOINT WARNING * * *
The spark wasp shocks you!
You die...

.....^.#.....###....#
.......#..#..>....^.#
#...y.s.#.#....####
.^....^.#....†)###.##
#.#########§§##†|...#
##§§§......###
#§s###§.##...#
##§y#§§..#...#
##§§#@#.#.#...#
#[§##....#...## .
##..#.†§#...##
#..##...#....##
.##..#....#.###
.........#.###
.#.#......##
....#..### ########


You could see a spark wasp (corroded) and a demonic crawler (confused).

Vanquished Creatures
  Asterion (Spider:2)
  Mlioglotl (Spider:2)
  2 fire giants
  The ghost of Kixze Teama the Eclecticist, an adept DjCj of Gozag (D:15)
  An orc warlord (Orc:2)
  An emperor scorpion (Spider:2)
  An ironbound preserver (D:13)
  The ghost of Hyvvalie the Earth Mage, a journeyman GrEE of Vehumet (D:15)
  A broodmother (Spider:1)
  4 very ugly things (Depths:1)
  A stone giant (D:15)
  A minotaur (Gauntlet)
  2 entropy weavers (Spider:1)
  5 spark wasps
  Josephine (Lair:5)
  A fire dragon (Depths:1)
  Snorg (Lair:6)
  An ettin (Depths:1)
  An ice dragon (Depths:1)
  4 boulder beetles
  11 hydras
  2 radroaches (Spider:1)
  Fannar (Lair:3)
  Erolcha (D:12)
  An ogre mage (Orc:2)
  7 centaur warriors
  7 two-headed ogres
  3 death yaks (Lair:4)
  3 tengu warriors
  Sonja (Lair:5)
  2 thrashing horrors (Lair:6)
  A spriggan berserker (Depths:1)
  Nergalle (Lair:4)
  5 skeletal warriors (D:15)
  Lodul (D:12)
  4 pharaoh ants
  2 steelbarb worms (Spider:1)
  A sun moth (Spider:1)
  A glowing orange brain (Depths:1)
  A swamp dragon (Lair:4)
  2 deep trolls
  6 orb spiders
  A wizard (D:15)
  Pikel (D:6)
  A lindwurm (Lair:6)
  A phantasmal warrior (D:14)
  A harpy (shapeshifter) (D:13)
  6 orc knights
  11 wolf spiders
  A deep elf zephyrmancer (D:13)
  2 oklob plants (Lair:1)
  5 manticores
  8 deep elf pyromancers
  11 cyclopes
  14 orc sorcerers
  A will-o-the-wisp (Lair:3)
  7 ugly things
  2 moths of wrath (Spider:2)
  An elephant (D:8)
  2 gargoyles
  Maurice (D:8)
  A torpor snail (Spider:1)
  5 black mambas
  2 smoke demons (Lair:6)
  A cane toad (shapeshifter) (D:14)
  4 kobold demonologists
  A yaktaur (D:10)
  15 cane toads
  3 unseen horrors
  2 komodo dragons
  A freezing wraith (D:14)
  4 demonic crawlers
  2 rime drakes
  2 tengu conjurers (D:15)
  A komodo dragon (shapeshifter) (Lair:6)
  A yaktaur (shapeshifter) (D:14)
  An efreet (D:10)
  An ancient zyme (Lair:6)
  9 trolls
  8 polar bears
  Grinder (D:4)
  2 hornets (D:13)
  A hornet (shapeshifter) (D:11)
  4 meliai
  A red devil (Gauntlet)
  A wolf spider simulacrum (D:15)
  A tarantella (shapeshifter) (Lair:6)
  12 dream sheep
  2 raiju (shapeshifter) (D:13)
  12 slime creatures
  20 blink frogs
  14 tarantellas
  13 culicivoras
  2 centaur simulacra
  3 wyverns
  2 ynoxinuls (Lair:6)
  A spriggan (Lair:6)
  13 jumping spiders
  6 wraiths
  2 shadows
  A vampire (D:9)
  72 yaks
  9 basilisks
  20 redbacks
  A redback (shapeshifter) (Lair:6)
  3 steam dragons
  10 vampire mosquitoes
  A warg (Orc:2)
  Menkaure (D:7)
  A floating eye (Depths:1)
  22 water moccasins
  2 black bears
  3 large abominations (Lair:6)
  14 orc warriors
  A swamp drake (Lair:4)
  6 ice beasts
  12 ogres
  A sky beast (D:6)
  23 wolves
  14 centaurs
  A boggart (D:15)
  A phantom (D:5)
  4 kobold brigands
  12 bullfrogs
  A necrophage (D:6)
  Blork the orc (D:6)
  2 scorpions (D:5)
  13 small abominations (Lair:6)
  2 wights (D:7)
  5 killer bees (D:9)
  2 jellies (D:6)
  3 electric eels (Lair:2)
  4 howler monkeys
  3 hounds (D:7)
  10 orc priests
  28 orc wizards
  Robin (D:3)
  4 adders
  A shadow imp (D:8)
  4 ufetubi
  2 worms
  3 dart slugs
  78 orcs
  4 bats
  10 endoplasms
  5 giant cockroaches
  10 goblins
  10 hobgoblins
  6 jackals
  5 quokkas
  3 ball pythons
  3 frilled lizards
  25 kobolds
  6 rats
839 creatures vanquished.

Vanquished Creatures (collateral kills)
  Rupert (Lair:5)
  2 two-headed ogres
  An orc knight (Orc:2)
  An orc warrior (Orc:1)
  An ogre (Orc:2)
  A centaur (D:11)
  A wight (D:7)
  2 orc priests
  2 orc wizards (Orc:1)
  3 orcs
15 creatures vanquished.

Vanquished Creatures (others)
  Arachne (Spider:2)
  11 dancing weapons
  2 orcs
  A butterfly (D:9)
  18 fungi
  22 plants
55 creatures vanquished.

Grand Total: 909 creatures vanquished

Notes
Turn   | Place    | Note
-------+----------+-------------------------------------------
     0 | D:1      | Zirex the Spriggan Enchanter began the quest for the Orb.
     0 | D:1      | Reached XP level 1. HP: 9/9 MP: 5/5
    23 | D:1      | You fall into a shaft and drop 1 floor!
   235 | D:2      | Reached XP level 2. HP: 5/13 MP: 7/7
   238 | D:2      | Learned a level 2 spell: Ensorcelled Hibernation
  1322 | D:1      | Reached XP level 3. HP: 16/16 MP: 9/9
  1326 | D:1      | Learned a level 3 spell: Tukima's Dance
  1330 | D:1      | Learned a level 3 spell: Confusing Touch
  1686 | D:1      | Found a faded altar of an unknown god.
  2573 | D:3      | Noticed Robin
  2738 | D:3      | Killed Robin
  2760 | D:3      | Reached XP level 4. HP: 21/21 MP: 3/11
  2917 | D:3      | Reached skill level 5 in Hexes
  3513 | D:3      | Noticed a sky beast
  4345 | D:3      | Learned a level 3 spell: Dazzling Flash
  4362 | D:4      | Found a staircase to the Ecumenical Temple.
  4373 | Temple   | Entered the Ecumenical Temple
  4385 | Temple   | Became a worshipper of Dithmenos the Shadowed
  4547 | D:4      | Noticed Grinder
  4566 | D:4      | Killed Grinder
  4567 | D:4      | Reached XP level 5. HP: 17/24 MP: 9/14
  4567 | D:4      | Reached XP level 6. HP: 20/28 MP: 10/16
  5016 | D:5      | Entered Level 5 of the Dungeon
  5323 | D:5      | Reached skill level 5 in Stealth
  5416 | D:5      | Identified the +2 plate armour of Dyropol {rN+ Int+2}
  5543 | D:5      | Reached XP level 7. HP: 32/32 MP: 14/17
  5548 | D:5      | Reached skill level 6 in Stealth
  6131 | D:6      | Identified the +7 falchion "Brush" {drain, *Rage rElec
                  | SInv}
  6177 | D:6      | Reached skill level 7 in Stealth
  6284 | D:6      | Reached XP level 8. HP: 36/36 MP: 18/20
  6419 | D:6      | Reached skill level 8 in Stealth
  6808 | D:6      | Noticed Blork the orc
  6811 | D:6      | Killed Blork the orc
  6812 | D:6      | Reached skill level 9 in Stealth
  6854 | D:6      | Gained mutation: Your flesh is heat resistant. (rF+)
                  | [potion of mutation]
  7237 | D:6      | Noticed Pikel
  7241 | D:6      | Killed Pikel
  7242 | D:6      | Reached skill level 10 in Stealth
  7242 | D:6      | Reached XP level 9. HP: 39/39 MP: 19/23
  7351 | D:7      | Reached * piety under Dithmenos
  7383 | D:7      | Noticed Menkaure
  7465 | D:7      | Reached skill level 1 in Fighting
  7721 | D:7      | Killed Menkaure
  7722 | D:7      | Reached skill level 10 in Hexes
  7951 | D:8      | Found a staircase to the Lair.
  7951 | D:8      | Noticed an elephant
  7979 | D:8      | Killed an elephant
  7980 | D:8      | Reached skill level 11 in Stealth
  7983 | D:8      | Reached skill level 10 in Spellcasting
  8237 | D:8      | Reached skill level 5 in Dodging
  8275 | D:8      | Reached XP level 10. HP: 47/47 MP: 20/25
  8716 | D:8      | Reached ** piety under Dithmenos
  8990 | D:8      | Noticed Maurice
  8997 | D:8      | Killed Maurice
  9083 | D:9      | Noticed a two-headed ogre
  9118 | D:9      | Reached skill level 12 in Stealth
  9365 | D:10     | Entered Level 10 of the Dungeon
  9365 | D:10     | Noticed an orc knight
  9769 | D:9      | Found a staircase to the Orcish Mines.
  9850 | D:9      | Reached *** piety under Dithmenos
  9979 | D:9      | Killed a two-headed ogre
  9980 | D:9      | Reached skill level 5 in Short Blades
 10337 | D:9      | Reached XP level 11. HP: 25/53 MP: 3/26
 10518 | D:9      | Found a white marble altar of Elyvilon.
 11250 | D:10     | Noticed a centaur warrior
 11281 | D:10     | Killed a centaur warrior
 11585 | D:10     | Reached skill level 13 in Stealth
 11663 | D:10     | Killed an orc knight
 11918 | D:10     | Found a glowing silver altar of Zin.
 11922 | D:10     | Found an opulent altar of Gozag.
 11926 | D:10     | Found a radiant altar of Vehumet.
 12374 | D:11     | Noticed a two-headed ogre
 12410 | D:11     | Killed a two-headed ogre
 12635 | D:11     | Reached **** piety under Dithmenos
 12660 | D:11     | Noticed a two-headed ogre
 12660 | D:11     | Noticed a deep elf pyromancer
 12667 | D:11     | Killed a deep elf pyromancer
 12690 | D:11     | Killed a two-headed ogre
 12691 | D:11     | Reached skill level 5 in Fighting
 13059 | D:12     | Reached skill level 14 in Stealth
 13061 | D:12     | Reached XP level 12. HP: 60/60 MP: 28/28
 13130 | D:12     | Noticed Erolcha
 13341 | D:12     | Killed Erolcha
 13480 | D:12     | Noticed a two-headed ogre
 13484 | D:12     | Noticed a two-headed ogre
 13486 | D:12     | Noticed Lodul
 13490 | D:12     | Noticed a two-headed ogre
 13513 | D:11     | Killed a two-headed ogre
 14017 | D:12     | Found an opulent altar of Gozag.
 14135 | D:12     | Noticed a two-headed ogre
 14147 | D:12     | Killed a two-headed ogre
 14167 | D:12     | Killed Lodul
 14167 | D:12     | Killed a two-headed ogre
 14167 | D:12     | Reached ***** piety under Dithmenos
 14168 | D:12     | Reached skill level 10 in Dodging
 14170 | D:12     | Killed a two-headed ogre
 14171 | D:12     | Reached skill level 15 in Stealth
 14525 | D:13     | Noticed a centaur warrior
 14528 | D:13     | Killed a centaur warrior
 14564 | D:13     | Noticed a tengu warrior
 14586 | D:13     | Killed a tengu warrior
 14851 | D:13     | Found a portal to a secret trove of treasure.
 14858 | D:13     | Found a gate leading to a gauntlet.
 14868 | Gauntlet | Entered a Gauntlet
 14868 | Gauntlet | Found a transporter.
 14868 | Gauntlet | Found a transporter.
 14869 | Gauntlet | Found a transporter.
 14870 | Gauntlet | Found a transporter.
 14870 | Gauntlet | Found a transporter.
 14873 | Gauntlet | Found a transporter.
 14879 | Gauntlet | Found a transporter.
 14882 | Gauntlet | Found a transporter.
 14884 | Gauntlet | Found a transporter.
 14884 | Gauntlet | Found a transporter.
 14886 | Gauntlet | Noticed a balrug
 14892 | Gauntlet | Found a transporter.
 14892 | Gauntlet | Found a transporter.
 15228 | Gauntlet | Identified the ring "Qucralol" {Ice Drain rCorr Dex-2
                  | Slay+5}
 15267 | Gauntlet | Noticed a minotaur
 15286 | Gauntlet | Killed a minotaur
 15350 | D:13     | Noticed a six-headed hydra
 15357 | D:13     | Killed a six-headed hydra
 15374 | D:13     | Found a gate to the Vaults.
 15374 | D:13     | Noticed an ironbound preserver
 15391 | D:13     | Reached XP level 13. HP: 65/65 MP: 20/30
 15402 | D:13     | Killed an ironbound preserver
 15713 | D:13     | Learned a level 5 spell: Summon Mana Viper
 16234 | D:13     | Reached skill level 16 in Stealth
 17120 | D:14     | Identified the +5 long sword of Unbearable Gallantry
                  | {drain, *Slow Will+ Str+7}
 17660 | D:14     | Noticed a fire giant
 17663 | D:14     | Killed a fire giant
 17671 | D:14     | Reached XP level 14. HP: 69/72 MP: 26/32
 17854 | Lair:1   | Entered Level 1 of the Lair of Beasts
 17855 | Lair:1   | Upgraded the game from 0.29-a0-344-ge2f44be95a to
                  | 0.29-a0-352-g0917bc69df
 17951 | Lair:1   | Reached skill level 10 in Short Blades
 18334 | Lair:1   | Reached skill level 17 in Stealth
 18746 | Lair:1   | Found a blossoming altar of Fedhas.
 19441 | Lair:2   | Noticed leebro123's ghost (journeyman MiHu)
 19444 | Lair:2   | Found a runed translucent gate.
 19444 | Lair:2   | Found a runed translucent gate.
 19444 | Lair:2   | Found a runed translucent gate.
 20116 | Lair:3   | Noticed Fannar
 20187 | Lair:3   | Killed Fannar
 20709 | Lair:3   | Reached ****** piety under Dithmenos
 20784 | Lair:3   | Found a staircase to the Swamp.
 20866 | Lair:3   | Found a hole to the Spider Nest.
 21365 | Lair:4   | Noticed Nergalle
 21367 | Lair:4   | Killed Nergalle
 22408 | Lair:5   | Noticed Rupert
 22533 | Lair:5   | Noticed Josephine
 22543 | Lair:5   | Killed Josephine
 22580 | Lair:5   | Reached skill level 15 in Hexes
 22645 | Lair:5   | Killed Rupert
 22729 | Lair:5   | Reached skill level 18 in Stealth
 22806 | Lair:5   | Noticed Sonja
 22830 | Lair:5   | Killed Sonja
 22880 | Lair:5   | Reached XP level 15. HP: 64/78 MP: 34/34
 23366 | Lair:6   | Entered Level 6 of the Lair of Beasts
 23549 | Lair:6   | Noticed Snorg
 23554 | Lair:6   | Killed Snorg
 23608 | Lair:6   | Reached skill level 15 in Spellcasting
 23845 | Lair:6   | Found a staircase to the Slime Pits.
 23845 | Lair:6   | Found a viscous altar of Jiyva.
 25116 | Lair:6   | Found a corrupted altar of Lugonu.
 25116 | Lair:6   | Found a one-way gate to the infinite horrors of the Abyss.
 25123 | Lair:6   | Got the Reference Book on Spatial Stones
 25296 | Orc:1    | Entered Level 1 of the Orcish Mines
 25528 | Orc:2    | Entered Level 2 of the Orcish Mines
 25531 | Orc:2    | Found a staircase to the Elven Halls.
 26044 | Orc:1    | Noticed an orc warlord
 26115 | Orc:2    | HP: 1/74 [orc sorcerer/bolt of negative energy[an orc
                  | knight] (35)]
 26375 | Orc:2    | Reached skill level 19 in Stealth
 26469 | Orc:2    | Killed an orc warlord
 26518 | Orc:2    | Found Jyvewa's Armour Shoppe.
 26657 | Orc:2    | Found Betsiy's Jewellery Emporium.
 26697 | Orc:2    | Found an ancient bone altar of Kikubaaqudgha.
 26731 | Orc:2    | Found Hayprist's Magic Scroll Emporium.
 26738 | Orc:2    | Paralysed by an orc sorcerer for 6 turns
 26828 | Orc:2    | Found a radiant altar of Vehumet.
 26857 | Orc:2    | Found Rusukec's Distillery.
 26860 | Orc:2    | Found Luveh's Antique Weapon Emporium.
 26889 | Orc:2    | Bought a potion of ambrosia for 136 gold pieces
 26889 | Orc:2    | Bought a potion of resistance for 170 gold pieces
 26889 | Orc:2    | Bought a potion of haste for 170 gold pieces
 26889 | Orc:2    | Bought a potion of flight for 51 gold pieces
 26889 | Orc:2    | Bought a potion of brilliance for 68 gold pieces
 26889 | Orc:2    | Bought a potion of heal wounds for 85 gold pieces
 26889 | Orc:2    | Bought 2 potions of might for 136 gold pieces
 26889 | Orc:2    | Bought a potion of magic for 136 gold pieces
 27108 | Orc:2    | Bought a scroll of enchant weapon for 120 gold pieces
 27345 | D:15     | Entered Level 15 of the Dungeon
 27401 | D:15     | Found a runed translucent gate.
 27402 | D:15     | Found a runed translucent gate.
 27403 | D:15     | Found a runed translucent gate.
 27405 | D:15     | Noticed Kixze Teama's ghost (adept DjCj)
 27405 | D:15     | Noticed Hyvvalie's ghost (journeyman GrEE)
 27410 | D:15     | Killed Hyvvalie's ghost
 27445 | D:15     | Killed Kixze Teama's ghost
 27488 | D:15     | Found a staircase to the Depths.
 27775 | D:15     | Reached XP level 16. HP: 84/84 MP: 36/36
 28425 | Depths:1 | Entered Level 1 of the Depths
 28476 | Depths:1 | Found a one-way gateway to a ziggurat.
 28493 | Depths:1 | Reached skill level 15 in Dodging
 28578 | Depths:1 | Found a sacrificial altar of Ru.
 29106 | Spider:1 | Entered Level 1 of the Spider Nest
 29118 | Spider:1 | Reached skill level 20 in Stealth
 29216 | Spider:1 | Learned a level 7 spell: Enfeeble
 29225 | Spider:1 | Reached skill level 10 in Fighting
 30973 | Spider:2 | Reached XP level 17. HP: 90/90 MP: 38/38
 31127 | Spider:2 | Noticed Mlioglotl
 31144 | Spider:2 | Killed Mlioglotl
 31275 | Spider:2 | Noticed Arachne
 31288 | Spider:2 | Killed Arachne
 31292 | Spider:2 | Noticed Asterion
 31320 | Spider:2 | Killed Asterion
 31509 | Spider:2 | HP: 4/90 [spark wasp (12)]
 31516 | Spider:2 | Slain by a spark wasp

Illustrated notes

Levels and vault maps discovered:
D:1:      sevenhm_arrival_forest_fort_large_4, layout_basic,
          hellmonk_ecumenical_altar_dog_temple
D:2:      layout_loops_ring, dreamdust_mushroom_princess, minmay_fountain_box,
          chequers_jeans
D:3:      layout_basic, uniq_robin
D:4:      layout_gridville, minmay_temple_entry_waves, uniq_grinder
D:5:      layout_basic
D:6:      layout_basic, uniq_blork_the_orc, uniq_pikel
D:7:      layout_rooms, uniq_menkaure
D:8:      layout_basic, david_lair_generic, grunt_tough_drop, uniq_maurice
D:9:      layout_loops_ring, nicolae_elyvilon_peaceful_grove, hiddenorc2_lemuel
D:10:     layout_small_grid, grunt_temple_overflow_diamond, kb_rosetta
D:11:     layout_basic
D:12:     layout_rooms, serial_ice, serial_ice_n, serial_ice_k, serial_ice_d,
          serial_ice_h, palyth_stone_intersect,
          nicolae_gozag_cash_rules_everything_around_me, uniq_erolcha,
          uniq_lodul
D:13:     layout_basic, skrybe_vaults_entry_preservation,
          portal_ice_cave_demonic_guard, nicolae_trove_entry_isolated,
          gauntlet_entry_generic, minivault_28
D:14:     kennysheep_bubble_arena, layout_basic, small_statue_alley_a
D:15:     grunt_enter_depths_giant_problem, layout_long_grid,
          gammafunk_ghost_cemetery, minmay_hedge_maze, minmay_joined_circles
Temple:   nicolae_temple_no_exploring_needed
Lair:1:   layout_cellular_growth, bh_autumn_forest_stairs, st_stairs_12,
          hangedman_tree_tricks, grunt_megastairs_2
Lair:2:   layout_chaotic_city, gammafunk_ghost_split, serial_bayou_shore_a,
          lemuel_fruit_fields, serial_bayou_shore_b
Lair:3:   layout_cave_pods, minmay_swamp_entry_wisps, dummy_spider_entry,
          uniq_fannar
Lair:4:   layout_concentric_octagons, pond, uniq_nergalle
Lair:5:   layout_cellular_growth, lemuel_fruit_fields, grunt_megastairs_1,
          uniq_josephine, uniq_sonja, uniq_rupert
Lair:6:   hellmonk_lair_end_abyssal_woods, layout_misc_corridors, slime_altar_1,
          minivault_24, infiniplex_staircase_pool_2, uniq_snorg
Spider:1: layout_chambers
Spider:2: cheibrodos_forgotten_conduit, uniq_asterion, uniq_mlioglotl,
          uniq_arachne
Orc:1:    layout_diamond_mine, mines2_david
Orc:2:    kennysheep_orc_mage_school, layout_caves, serial_shops,
          nicolae_shop_trees, mines1_david
Depths:1: layout_forbidden_donut, enter_ziggurat_e, lightli_too_deep,
          rand_demon_pan_entry_1, okawaru_ov_weapons_minmay,
          nicolae_ru_sacrificial_ziggurat, grunt_megastairs_3, uniq_enchantress

Skill      XL: |  1  2  3  4  5  6  7  8  9 10 11 12 13 14 15 16 17 |
---------------+----------------------------------------------------+-----
Spellcasting   | 3 4 6 7 9 10 11 12 13 14 15 16 | 16.8
Hexes          | 4 6 7 8 9 10 11 12 13 14 15 16 17 | 17.6
Stealth        | 5 7 10 11 12 14 15 16 18 19 20 | 20.7
Dodging        | 5 7 8 10 11 13 14 15 16 | 16.0
Fighting       | 2 3 5 6 7 8 9 10 | 10.5
Short Blades   | 3 5 7 8 9 11 12 13 | 13.0

Action                   |  1- 3 |  4- 6 |  7- 9 | 10-12 | 13-15 | 16-18 || total
-------------------------+-------+-------+-------+-------+-------+-------++-------
Melee: Dagger            |   138 |   110 |   118 |   427 |  1400 |   383 ||  2576
       Punch             |     1 |       |     4 |     4 |    15 |     6 ||    30
Throw: Dart              |       |       |       |       |     3 |       ||     3
 Cast: Ensorcelled Hiber |    11 |    17 |    34 |    99 |   146 |   122 ||   429
       Confusing Touch   |       |     2 |     5 |    21 |    34 |    16 ||    78
       Tukima's Dance    |       |       |     6 |    26 |    31 |     2 ||    65
       Dazzling Flash    |       |       |     1 |       |       |       ||     1
Invok: Shadow Step       |       |       |       |       |    10 |     5 ||    15
Evoke: Wand              |       |     3 |       |     6 |    13 |     4 ||    26
       Phantom mirror    |       |       |       |       |     3 |       ||     3
       Box of beasts     |       |       |       |       |     1 |       ||     1
  Use: Scroll            |     9 |     2 |     7 |     9 |    12 |     3 ||    42
       Potion            |       |     2 |     1 |     6 |     7 |     9 ||    25
 Stab: Sleeping          |    21 |    21 |    33 |    77 |   192 |   123 ||   467
       Distracted        |     1 |       |     1 |     5 |    11 |     1 ||    19
       Confused          |       |     1 |     4 |    13 |    33 |    15 ||    66
       Invisible         |       |       |     2 |     2 |       |       ||     4
Armor: Robe              |    18 |    12 |     5 |       |       |       ||    35
       Steam dragon scal |       |       |     4 |    55 |   135 |    38 ||   232
Dodge: Dodged            |    93 |    70 |    94 |   533 |  1281 |   398 ||  2469

Table legend: (Time is in decaauts)
 A = Elapsed time spent in this place.
 B = Non-inter-level travel time spent in this place.
 C = Inter-level travel time spent in this place.
 D = Time resting spent in this place.
 E = Time spent auto-exploring this place.
 F = Levels seen in this place.
 G = Mean time per level.
                   A        B        C        D        E       F      G
               +--------+--------+--------+--------+--------+-----+--------+
         Total |  22840 |  21856 |    984 |   3450 |  13000 |  28 |  815.7 |
       Dungeon |  14152 |  13585 |    567 |   2506 |   8217 |  15 |  943.5 |
        Temple |     14 |      9 |      5 |      0 |      0 |   1 |   14.0 |
          Lair |   5012 |   4712 |    300 |    387 |   3055 |   6 |  835.3 |
   Spider Nest |   1734 |   1713 |     21 |    268 |    912 |   2 |  867.0 |
  Orcish Mines |   1294 |   1208 |     86 |    102 |    668 |   2 |  647.0 |
        Depths |    309 |    306 |      3 |     55 |     72 |   1 |  309.0 |
      Gauntlet |    323 |    323 |      0 |    131 |     74 |   1 |  323.0 |
               +--------+--------+--------+--------+--------+-----+--------+

Top non-repeatable levels by time:
     D:3: 1458 daAuts
    D:13: 1311 daAuts
     D:9: 1273 daAuts
    D:10: 1261 daAuts
Spider:1: 1201 daAuts
  Lair:6: 1124 daAuts
    D:12: 1116 daAuts
     D:2: 1063 daAuts
    D:11: 995 daAuts
  Lair:1: 903 daAuts
     D:1: 871 daAuts
     D:6: 838 daAuts
  Lair:5: 837 daAuts
     D:8: 803 daAuts
  Lair:3: 797 daAuts
